 Dungeon Crawl Stone Soup version 0.16-a0-2063-g87d9768 (webtiles) character file.

2041 Fiveotanaka the Grappler (level 9, -9/80 HPs)
             Began as a Troll Monk on Nov 12, 2014.
             Was a Priest of Okawaru.
             Mangled by an orc knight
             ... wielding a +0 halberd
              (23 damage)
             ... in a bailey.
             The game lasted 00:26:55 (6477 turns).

Fiveotanaka the Grappler (Troll Monk)               Turns: 6477, Time: 00:26:55

Health: -9/80      AC:  6    Str: 21    XL:     9   Next: 4%
Magic:  4/4        EV: 14    Int:  6    God:    Okawaru [***...]
Gold:   248        SH:  0    Dex: 15    Spells: 0 memorised, 8 levels left

rFire  + . .     SeeInvis .       - Unarmed
rCold  + . .     Clarity  .     w - +0 robe
rNeg   . . .     SustAb   .     (shield restricted)
rPois  .         Gourm    +     (helmet restricted)
rElec  .         Spirit   .     m - +0 cloak
rCorr  +         Warding  .     (gloves unavailable)
rMut   .         Stasis   .     (boots unavailable)
MR     .....                    o - amulet of resist corrosion
Stlth  ++........               C - ring of protection from fire
                                v - ring of protection from cold

@: not resistant to hostile enchantments, unstealthy
A: unfitting armour, claws 3, fast metabolism 3, gourmand, regeneration 2,
shaggy fur 1, tough skin 2
a: Heroism, Renounce Religion


You were in a bailey.
You worshipped Okawaru.
Okawaru was most pleased with you.
You were not hungry.

You visited 2 branches of the dungeon, and saw 9 of its levels.
You also visited: Bailey.

You collected 318 gold pieces.
You spent 70 gold pieces at shops.

Inventory:

Armour
 m - a +0 cloak (worn)
 w - a +0 robe (worn)
Jewellery
 o - an amulet of resist corrosion (around neck)
 v - a ring of protection from cold (left claw)
 C - a ring of protection from fire (right claw)
Magical devices
 s - a wand of enslavement (9)
 y - a wand of paralysis (14)
Scrolls
 a - 3 scrolls of identify {unknown}
 c - 3 scrolls of remove curse
 e - a scroll of immolation {unknown}
 r - 3 scrolls of teleportation {unknown}
 u - 3 scrolls of amnesia {unknown}
 z - a scroll of fog {unknown}
 A - a scroll of magic mapping {unknown}
 E - a scroll of summoning {unknown}
Potions
 f - 2 potions of resistance {unknown}
 h - 3 potions of invisibility {unknown}
 i - a potion of degeneration {unknown}
 j - a potion of might {unknown}
 k - 2 potions of lignification {unknown}
 n - 2 potions of heal wounds {unknown}
 p - a potion of confusion {unknown}
 q - a potion of beneficial mutation {unknown}
 t - 2 potions of curing
 x - a potion of restore abilities {unknown}
 D - a potion of flight {unknown}
 F - 2 potions of magic {unknown}
Books
 B - a book of Death

   Spells                             Type                      Level
   Corpse Rot                         Necromancy                   2
   Sublimation of Blood               Necromancy                   2
   Agony                              Necromancy                   5
   Dispel Undead                      Necromancy                   5
   Excruciating Wounds                Charms/Necromancy            5
   Bolt of Draining                   Conjuration/Necromancy       5
Comestibles
 b - 6 meat rations
 d - 9 bread rations
 g - 2 royal jellies
 l - a beef jerky


   Skills:
 - Level 2.4 Fighting
 + Level 7.2 Dodging
 - Level 1.1 Stealth
 + Level 9.6 Unarmed Combat


You had 8 spell levels left.
You didn't know any spells.

Dungeon Overview and Level Annotations

Branches:
Dungeon (8/15)             Temple (1/1) D:5
   Lair: D:8-11

Altars:
Ashenzari
Cheibriados
Dithmenos
Fedhas
Gozag
Makhleb
Okawaru
Ru
Xom
Zin
The Shining One

Shops:
D:5 *   D:6 =


Innate Abilities, Weirdness & Mutations

You are too large for most types of armour.
You have claws for hands.
Your metabolism is lightning-fast.
You like to eat raw meat.
You heal very quickly.
You are covered in fur (AC +1).
You have very tough skin (AC +2).


Message History

The orc knight is heavily wounded.
The orc knight roars a battlecry!
The orcs go into a battle-frenzy!
The orc knight closely misses you.
You scratch the orc knight.
The orc knight is severely wounded.
You scratch the orc knight.
The orc knight is severely wounded.
The orc knight hits you with a halberd!!
* * * LOW HITPOINT WARNING * * *
You scratch the orc knight but do no damage.
The orc knight is severely wounded.
The orc knight hits you with a halberd.
* * * LOW HITPOINT WARNING * * *
Drink which item? (? for menu, Esc to quit)
You feel better.
It was a potion of curing.
You scratch the orc knight but do no damage.
The orc knight is severely wounded.
The orc knight hits you with a halberd!!
You die...

# ### ##. #########∩##
###### #$.
##.....##.∩(##.....#
#...#..≈≈≈..#..(#..≈≈≈..#
#!.o#.≈≈o≈≈..(....≈≈o≈≈.#
#...'.≈ooo≈...((.(≈ooo≈.+
#.≈≈o≈≈.o.(.(.≈≈o≈≈.
#..≈≈≈.(#@((#..≈≈≈..
##.((o.##..(##.....#
#########∩## ##### ###


You could see 4 orc knights, 3 orc warriors and 3 orcs.

Vanquished Creatures
  A spriggan (D:7)
  A water moccasin (D:5)
  2 ice beasts
  2 black bears
  A centaur (D:5)
  2 giant frogs
  A gnoll sergeant (D:8)
  2 big kobolds (D:7)
  A scorpion (D:6)
  A troll zombie (D:7)
  A quasit (D:5)
  A yellow wasp zombie (D:7)
  A centaur skeleton (D:5)
  A hound (D:5)
  2 jellies
  A gnoll shaman (D:5)
  2 orc priests
  2 orc wizards
  4 worker ants
  Natasha (thrice) (D:3)
  A killer bee zombie (D:7)
  An ogre zombie (D:5)
  2 hound zombies
  A worker ant zombie (D:5)
  16 gnolls
  7 adders
  2 orc skeletons
  A giant mite (D:6)
  2 shadow imps
  3 worms
  6 giant geckos
  2 oozes (D:1)
  15 orcs
  2 ball pythons
  12 bats
  A bat skeleton (D:4)
  5 giant cockroaches
  9 hobgoblins
  4 jackals (D:1)
  24 kobolds
  3 quokkas
  A giant gecko zombie (D:5)
  2 giant newts
  24 goblins
  3 hobgoblin skeletons
  An orc zombie (D:6)
  12 rats
  A rat skeleton (D:5)
195 creatures vanquished.

Notes
Turn   | Place    | Note
--------------------------------------------------------------
     0 | D:1      | Fiveotanaka, the Troll Monk, began the quest for the Orb.
     0 | D:1      | Reached XP level 1. HP: 22/22 MP: 1/1
    91 | D:1      | Reached XP level 2. HP: 29/29 MP: 1/1
   343 | D:1      | Reached skill level 5 in Unarmed Combat
   343 | D:1      | Reached XP level 3. HP: 36/36 MP: 2/2
  1429 | D:2      | Reached XP level 4. HP: 44/44 MP: 2/2
  1449 | D:2      | Found a glowing golden altar of the Shining One.
  1468 | D:2      | Found an opulent altar of Gozag.
  1514 | D:3      | Noticed a giant frog
  1516 | D:3      | Killed a giant frog
  1541 | D:3      | Reached XP level 5. HP: 40/50 MP: 2/2
  1592 | D:3      | Noticed Natasha
  1597 | D:3      | Killed Natasha
  1618 | D:3      | Reached skill level 6 in Unarmed Combat
  1666 | D:3      | Noticed Natasha
  1671 | D:3      | Killed Natasha
  1818 | D:3      | Noticed Natasha
  1825 | D:3      | Killed Natasha
  2068 | D:4      | Reached XP level 6. HP: 49/59 MP: 3/3
  2654 | D:5      | Entered Level 5 of the Dungeon
  2673 | D:5      | Reached skill level 7 in Unarmed Combat
  2751 | D:5      | Reached XP level 7. HP: 59/66 MP: 3/3
  2943 | D:5      | Found a staircase to the Ecumenical Temple.
  2967 | Temple   | Entered the Ecumenical Temple
  3024 | Temple   | Became a worshipper of Warmaster Okawaru
  3024 | Temple   | Acquired Okawaru's first power
  3078 | D:5      | Reached skill level 5 in Dodging
  3223 | D:5      | Found Ukkexaka's Serpentskin Sales.
  3223 | D:5      | Noticed a water moccasin
  3231 | D:5      | Killed a water moccasin
  3231 | D:5      | Reached skill level 8 in Unarmed Combat
  3243 | D:5      | Bought a potion of poison for 14 gold pieces
  3617 | D:5      | Reached XP level 8. HP: 74/74 MP: 3/3
  3972 | D:6      | Found Xeah's Jewellery Shoppe.
  3975 | D:6      | Bought a cursed -5 ring of protection for 28 gold pieces
  3975 | D:6      | Bought a cursed -4 ring of dexterity for 28 gold pieces
  4989 | D:7      | Found a shadowy altar of Dithmenos.
  5008 | D:7      | Reached skill level 9 in Unarmed Combat
  5787 | D:8      | Reached XP level 9. HP: 45/80 MP: 4/4
  5911 | D:8      | Found a flagged portal.
  5936 | Bailey   | Entered a bailey
  5936 | Bailey   | Noticed an orc knight
  5938 | Bailey   | Noticed an orc knight
  5938 | Bailey   | Noticed an orc knight
  6452 | Bailey   | Noticed an orc knight
  6477 | Bailey   | Mangled by an orc knight

Action                   |  1- 3 |  4- 6 |  7- 9 || total
-------------------------+-------+-------+-------++-------
Melee: Unarmed           |   109 |   106 |   303 ||   518
  Use: Scroll            |       |     1 |     1 ||     2
       Potion            |       |       |     1 ||     1
 Stab: Sleeping          |       |     2 |     1 ||     3
       Distracted        |       |     2 |       ||     2
  Eat: Chunk             |    17 |    12 |    31 ||    60
